 Dungeon Crawl Stone Soup version 0.31-a0-95-g6fa058ef04 (webtiles) character file.

Game seed: 11313652571978158365

76 Demosthentine the Ducker (level 4, -7/34 HPs)
             Began as a Demonspawn Gladiator on May 25, 2023.
             Killed by divine providence
             ... invoked by an orc priest
              (13 damage)
             ... on level 3 of the Dungeon.
             The game lasted 00:01:53 (2148 turns).

Demosthentine the Ducker (Demonspawn Gladiator)     Turns: 2148, Time: 00:01:54

Health: -7/34      AC:  7    Str: 16    XL:     4   Next: 12%
Magic:  4/4        EV: 13    Int: 10    God:
Gold:   149        SH:  0    Dex: 20    Spells: 3/3 levels left

rFire   . . .        a - +0 trident
rCold   . . .        (no shield)
rNeg    . . .        b - +0 leather armour
rPois   .            c - +1 helmet
rElec   .            m - +0 cloak
rCorr   +            (no gloves)
SInv    .            i - +0 pair of boots
Will    +....        (no amulet)
Stlth   ++           l - +6 ring of dexterity
HPRegen 0.25/turn    o - ring of resist corrosion
MPRegen 0.09/turn

%: no passive effects
@: enlightened, flying
A: powered by death 1, sturdy frame 2
a: no special abilities


You were on level 3 of the Dungeon.
You visited 1 branch of the dungeon, and saw 3 of its levels.

You collected 149 gold pieces.

Inventory:

Hand Weapons
 a - a +0 trident (weapon)
Missiles
 d - 3 throwing nets (quivered)
 e - a javelin
 h - 15 poisoned darts
Armour
 b - a +0 leather armour (worn)
 c - a +1 helmet (worn)
 i - a +0 pair of boots (worn)
 m - a +0 cloak (worn)
Jewellery
 l - a +6 ring of dexterity (left hand)
 o - a ring of resist corrosion (right hand)
Scrolls
 n - a scroll of identify {unknown}
Potions
 j - a potion of degeneration {unknown}


   Skills:
 + Level 2.8 Fighting
 + Level 3.2 Polearms
 - Level 1.7 Throwing
 + Level 1.4 Armour
 + Level 3.2 Dodging


You had 3 spell levels left.
You didn't know any spells.
Your spell library was empty.

Dungeon Overview and Level Annotations

Branches:
Dungeon (3/15)

Altars:


Innate Abilities, Weirdness & Mutations

You regenerate a little health from kills.
Your movements are less encumbered by armour. (ER -4)


Message History

The orc priest is lightly wounded.
The orc priest looks encouraged for a moment.
The orc hits you but does no damage.
Reach: a) +0 trident
Press: ? - help, Dir - move target, f/p - orc priest
Aim: an orc priest, wielding a +0 trident (lightly wounded, about 37% to evade your +0 trident)
You reach to attack!
You hit the orc priest.
The orc priest is heavily wounded.
The orc priest hits you but does no damage.
The orc closely misses you.
Reach: a) +0 trident
Press: ? - help, Dir - move target, f/p - orc priest
Aim: an orc priest, wielding a +0 trident (heavily wounded, about 37% to evade your +0 trident)
The orc is in the way.
You closely miss the orc.
The orc priest hits you but does no damage.
The orc misses you. x2; The orc priest barely misses you.
Reach: a) +0 trident
Press: ? - help, Dir - move target, f/p - orc priest
Aim: an orc priest, wielding a +0 trident (heavily wounded, about 37% to evade your +0 trident)
You reach to attack!
You closely miss the orc priest.
The orc priest is heavily wounded.
The orc priest hits you from afar with a +0 trident.
* * * LOW HITPOINT WARNING * * *
The orc closely misses you.
Reach: a) +0 trident
Press: ? - help, Dir - move target, f/p - orc priest
Aim: an orc priest, wielding a +0 trident (heavily wounded, about 37% to evade your +0 trident)
The orc is in the way.
You hit the orc. You punch the orc, but do no damage.
The orc is severely wounded.
The orc closely misses you.
The orc priest hits you from afar with a +0 trident.
* * * LOW HITPOINT WARNING * * *
Reach: a) +0 trident
Press: ? - help, Dir - move target, f/p - orc priest
Aim: an orc priest, wielding a +0 trident (heavily wounded, about 37% to evade your +0 trident)
The orc is in the way.
You hit the orc.
You kill the orc!
The orc priest invokes the aid of Beogh against you.
Beogh smites you!
You die...

## ####..... #.# #.#
.# #..... #.# #.# .#
#..... ##.###.# .#
#..... ####......# .#
##.....##.....#####
.#######.......#.###.#
.......+......>+ #.#
########......o#####.#
# ########)@....# #
#......# #......#
#......# #......#
#......# ######.# #.#


You could see an orc priest.

Vanquished Creatures
  2 adders
  3 orcs (D:3)
  4 ball pythons
  3 bats
  7 endoplasms
  4 giant cockroaches
  2 goblins
  6 hobgoblins
  4 jackals (D:1)
  3 kobolds
  4 quokkas (D:1)
  3 frilled lizards
  A rat (D:2)
46 creatures vanquished.

Notes
Turn   | Place    | Note
-------+----------+-------------------------------------------
     0 | D:1      | Demosthentine the Demonspawn Gladiator began the quest for
                  | the Orb.
     0 | D:1      | Reached XP level 1. HP: 16/16 MP: 1/1
   297 | D:1      | Gained mutation: Your movements are slightly less
                  | encumbered by armour. (ER -2) [demonic ancestry]
   297 | D:1      | Reached XP level 2. HP: 12/22 MP: 2/2
   649 | D:1      | Gained mutation: You regenerate a little health from kills.
                  | [demonic ancestry]
   649 | D:1      | Reached XP level 3. HP: 28/28 MP: 3/3
   663 | D:1      | Reached skill level 1 in Armour
  1813 | D:3      | Identified the +2 mace of the Genius {freeze, Will+ Str+2}
  2027 | D:3      | Gained mutation: Your movements are less encumbered by
                  | armour. (ER -4) [demonic ancestry]
  2027 | D:3      | Reached XP level 4. HP: 34/34 MP: 4/4
  2148 | D:3      | Killed from afar by an orc priest

Illustrated notes

Levels and vault maps discovered:
D:1:      scummos_arrival_simple_crosswalls, layout_basic
D:2:      layout_basic, st_stairs_13, nicolae_kite_square_tiling_tiny
D:3:      layout_basic, minmay_checkerbox

Skill      XL: |  1  2  3 |
---------------+----------+-----
Dodging        | 3 |  3.2
Polearms       | 3 |  3.2
Armour         | 1 |  1.4
Fighting       | |  2.8
Throwing       | |  1.7

Action                     |  1- 3 |  4- 6 || total
---------------------------+-------+-------++-------
  Melee: Trident           |   113 |    32 ||   145
         Punch             |       |     1 ||     1
    Use: Scroll            |     4 |       ||     4
         Potion            |       |     4 ||     4
   Stab: Sleeping          |     2 |       ||     2
 Armour: Leather armour    |    25 |    12 ||    37
  Dodge: Dodged            |    57 |    24 ||    81

Table legend: (Time is in decaauts)
 A = Elapsed time spent in this place.
 B = Non-inter-level travel time spent in this place.
 C = Inter-level travel time spent in this place.
 D = Time resting spent in this place.
 E = Time spent auto-exploring this place.
 F = Levels seen in this place.
 G = Mean time per level.
                   A        B        C        D        E       F      G
               +--------+--------+--------+--------+--------+-----+--------+
         Total |   2169 |   2119 |     50 |    100 |   1656 |   3 |  723.0 |
       Dungeon |   2169 |   2119 |     50 |    100 |   1656 |   3 |  723.0 |
               +--------+--------+--------+--------+--------+-----+--------+

Top non-repeatable levels by time:
     D:2: 1012 daAuts
     D:1: 807 daAuts
     D:3: 349 daAuts
